 Dungeon Crawl Stone Soup version 0.31-a0-361-g0f8bd3a31e (webtiles) character file.

Game seed: 12081443801142983026

46 AdnanSaban the Covered (level 3, 0/24 HPs)
             Began as a Gargoyle Fighter on July 27, 2023.
             Slain by a gnoll
             ... wielding a +0 whip
              (2 damage)
             ... on level 2 of the Dungeon.
             The game lasted 00:00:52 (785 turns).

AdnanSaban the Covered (Gargoyle Fighter)            Turns: 785, Time: 00:00:52

Health: 0/24       AC: 10    Str: 21    XL:     3   Next: 68%
Magic:  3/3        EV:  9    Int:  8    God:
Gold:   104        SH:  4    Dex:  9    Spells: 2/2 levels left

rFire   . . .        a - +0 flail
rCold   . . .        c - +0 buckler
rNeg    + . .        b - +0 scale mail
rPois   ∞            (no helmet)
rElec   +            (no cloak)
rCorr   .            (no gloves)
SInv    .            (no boots)
Will    .....        (no amulet) Stlth
                     (no ring)
HPRegen 0.24/turn    (no ring)
MPRegen 0.08/turn

%: no passive effects
@: no status effects
A: sickness immunity, AC +3, negative energy resistance 1, electricity
resistance, torment resistance 1, petrification resistance
a: no special abilities


You were on level 2 of the Dungeon.
You visited 1 branch of the dungeon, and saw 2 of its levels.

You collected 104 gold pieces.

Inventory:

Hand Weapons
 a - a +0 flail (weapon)
Missiles
 i - 6 javelins
Armour
 b - a +0 scale mail (worn)
 c - a +0 buckler (worn)
Jewellery
 j - an amulet of guardian spirit
Scrolls
 g - 4 scrolls of identify {unknown}
 h - a scroll of enchant weapon {unknown}
 k - a scroll of revelation {unknown}
Potions
 d - a potion of might
 e - a potion of degeneration {unknown}
 f - a potion of curing {unknown}


   Skills:
 + Level 3.8 Fighting
 + Level 2.8 Maces & Flails
 + Level 3.9 Armour
 + Level 0.1 Dodging
 + Level 3.3 Shields


You had 2 spell levels left.
You didn't know any spells.
Your spell library contained the following spells:

 Spells                   Type           Power      Damage    Failure   Level
 Shock                    Conj/Air       0%         1d3       82%         1
 Static Discharge         Conj/Air       0%         2-2/arc   91%         2
 Swiftness                Air            0%         N/A       99%         3
 Airstrike                Air            0%         2d(0-16)  100%        4
 Summon Lightning Spire   Summ/Air       0%         N/A       100%        4


Dungeon Overview and Level Annotations

Branches:
Dungeon (2/15)

Altars:


Innate Abilities, Weirdness & Mutations

You are immune to sickness and miasma.
Your stone body is resilient. (AC +3)
You are immune to poison.
You resist negative energy. (rN+)
You are resistant to electric shocks. (rElec)
You are resistant to unholy torment.
You are immune to petrification.


Message History

You barely miss the gnoll. The gnoll hits you but does no damage.
The gnoll barely misses you.
You barely miss the gnoll. The gnoll barely misses you.
You block the gnoll's attack.
You hit the gnoll but do no damage. The gnoll hits you but does no damage.
You block the gnoll's attack. x2
You barely miss the gnoll.
The quokka bites you but does no damage.
The gnoll barely misses you. The gnoll hits you with a +0 halberd.
You block the gnoll's attack. The quokka barely misses you.
The gnoll barely misses you. The gnoll completely misses you.
The gnoll hits you but does no damage.
You hit the gnoll.
The gnoll is heavily wounded.
The quokka bites you. The gnoll hits you but does no damage.
The gnoll closely misses you. The gnoll hits you with a +0 flail.
You hit the gnoll.
The gnoll is almost dead.
The quokka barely misses you. The gnoll hits you with a +0 whip.
You block the gnoll's attack. The gnoll hits you with a +0 flail.
The quokka bites you but does no damage.
You are too injured to fight recklessly!
You are too injured to fight recklessly!
You are too injured to fight recklessly!
You are too injured to fight recklessly!
You are too injured to fight recklessly!
You are too injured to fight recklessly!
You are too injured to fight recklessly!
You are too injured to fight recklessly!
You are too injured to fight recklessly!
You are too injured to fight recklessly!
You are too injured to fight recklessly!
You are too injured to fight recklessly!
You are too injured to fight recklessly!
You are too injured to fight recklessly!
Unknown command.
The gnoll attacks as you move away! The gnoll hits you with a +0 flail!
* * * LOW HITPOINT WARNING * * *
The gnoll attacks as you move away! The gnoll hits you with a +0 whip.
You die...

#####.....##.###.#.)....
#.....##.....#.####.
##...........#....##
#..###.###..#..#...
###..###.###..##.#...
#....#.........#.##..
#..............#..##.
#..............##..##
##..@........... #..#
#..ggr.......... #..
#..g.....?. ###
#.......... #..........
#.......... ##.........
##........ . ####.....
..


You could see 3 gnolls and a quokka.

Vanquished Creatures
  3 dart slugs
  2 endoplasms
  2 giant cockroaches (D:1)
  6 goblins
  4 hobgoblins
  4 quokkas (D:1)
  4 ball pythons
  3 bats
  A frilled lizard (D:1)
  4 kobolds
  4 rats
37 creatures vanquished.

Notes
Turn   | Place    | Note
-------+----------+-------------------------------------------
     0 | D:1      | AdnanSaban the Gargoyle Fighter began the quest for the
                  | Orb.
     0 | D:1      | Reached XP level 1. HP: 14/14 MP: 1/1
   147 | D:1      | Reached XP level 2. HP: 18/19 MP: 2/2
   471 | D:1      | Reached XP level 3. HP: 22/24 MP: 3/3
   785 | D:2      | Slain by a gnoll

Illustrated notes

Levels and vault maps discovered:
D:1:      minmay_arrival_glassed_features, layout_rooms
D:2:      minmay_evil_eye, layout_rooms

Action                     || total
---------------------------++-------
  Melee: Flail             ||   107
 Armour: Scale mail        ||    72
  Dodge: Dodged            ||    56
  Block: Buckler           ||    28

Table legend: (Time is in decaauts)
 A = Elapsed time spent in this place.
 B = Non-inter-level travel time spent in this place.
 C = Inter-level travel time spent in this place.
 D = Time resting spent in this place.
 E = Time spent auto-exploring this place.
 F = Levels seen in this place.
 G = Mean time per level.
                   A        B        C        D        E       F      G
               +--------+--------+--------+--------+--------+-----+--------+
         Total |    818 |    798 |     20 |      0 |    537 |   2 |  409.0 |
       Dungeon |    818 |    798 |     20 |      0 |    537 |   2 |  409.0 |
               +--------+--------+--------+--------+--------+-----+--------+

Top non-repeatable levels by time:
     D:1: 567 daAuts
     D:2: 250 daAuts
